Map: Catalyst LE

Players

Namshar - Winner!

  • Race: Zerg Zerg
  • Spawn Location: 5:00

JonSnow

  • Race: Zerg Zerg
  • Spawn Location: 11:00

Event: WCS Leipzig 2018

VOD

Have the link to the VOD?

Description

Time

  • Played on: Jan. 26, 2018, 11:09 a.m.
  • Length: 13:13

All games in this series

Show
View Real Time Build Order
Export as new Build Order

Namshar Zerg - Winner!

Build Orders: Hatch First 

Get SALT Encoding   

  12  0:00  Drone  
  13  0:12  Overlord  
  13  0:17  Drone  
  14  0:30  Drone x2  
  14  0:34  Drone  
  17  0:51  Hatchery  
  17  0:54  Drone  
  17  0:57  Drone  
  17  1:02  Extractor  
  17  1:12  Spawning Pool  
  17  1:15  Drone  
  17  1:19  Drone  
  18  1:27  Drone  
  19  1:43  Overlord  
  19  1:49  Drone  
  20  1:59  Queen  
  20  2:01  Zergling x2  
  23  2:02  Metabolic Boost  
  23  2:04  Queen  
  23  2:06  Zergling x2  
  26  2:11  Drone  
  26  2:14  Drone  
  28  2:21  Drone  
  29  2:25  Drone  
  30  2:35  Hatchery  
  29  2:42  Baneling Nest  
  29  2:43  Drone  
  29  2:49  Overlord  
  30  2:51  Drone  
  30  2:55  Drone  
  31  3:09  Drone x3  
  31  3:10  Drone x2  
  35  3:14  Queen  
  35  3:17  Zergling x2  
  35  3:18  Zergling x2  
  39  3:22  Zergling x4  
  42  3:27  Zergling x4  
  42  3:34  Baneling x2  
  42  3:50  Queen  
  42  3:51  Zergling x12  
  48  3:57  Overlord  
  48  3:58  Overlord  
  49  4:02  Drone  
  49  4:03  Drone  
  49  4:09  Evolution Chamber  
  49  4:12  Drone  
  49  4:13  Drone  
  49  4:17  Drone x4  
  49  4:20  Drone, Extractor  
  53  4:24  Roach Warren  
  47  4:40  Drone x3  
  47  4:47  Zergling x2  
  47  4:48  Zergling x2  
  47  4:51  Drone  
  47  4:52  Drone  
  48  4:55  Overlord  
  48  4:56  Zerg Missile Weapons Level 1  
  48  5:04  Spine Crawler, Roach x2  
  48  5:06  Roach x3  
  57  5:13  Roach x3  
  63  5:15  Roach  
  63  5:21  Extractor  
  64  5:24  Drone x3  
  64  5:26  Lair  
  67  5:31  Drone x3  
  67  5:35  Overlord  
  70  5:37  Drone x2  
  70  5:38  Drone x2  
  74  5:43  Extractor  
  74  5:45  Overlord  
  73  5:54  Drone x3  
  75  5:59  Drone x8  
  80  6:05  Drone  
  80  6:06  Drone  
  80  6:08  Extractor  
  80  6:16  Roach x4  
  88  6:21  Drone, Evolution Chamber  
  88  6:25  Roach  
  90  6:26  Overlord x3  
  90  6:28  Glial Reconstitution  
  90  6:29  Overseer  
  90  6:35  Overseer  
  90  6:42  Overlord x2  
  90  6:49  Roach x7  
  90  6:51  Ravager x2  
  90  6:52  Roach  
  108  6:58  Ravager  
  108  6:59  Roach  
  111  7:02  Roach  
  111  7:03  Roach  
  115  7:10  Drone x9  
  115  7:12  Extractor  
  115  7:13  Extractor  
  121  7:16  Drone, Hydralisk Den  
  121  7:22  Overlord  
  121  7:25  Drone x2  
  121  7:29  Drone  
  124  7:30  Overlord x3  
  124  7:39  Spore Crawler  
  124  7:40  Drone, Spore Crawler  
  124  7:41  Spore Crawler  
  124  7:42  Drone  
  123  7:45  Muscular Augments  
  123  7:48  Hydralisk  
  123  7:49  Hydralisk x2  
  129  7:54  Hydralisk  
  129  7:55  Hydralisk  
  133  8:03  Hydralisk x3  
  139  8:11  Overlord  
  139  8:15  Hydralisk x2  
  139  8:18  Hydralisk  
  139  8:19  Hatchery  
  144  8:22  Hydralisk  
  146  8:33  Hydralisk  
  148  8:44  Zerg Ground Armor Level 1  
  148  8:45  Drone, Lurker Den  
  148  8:46  Zerg Missile Weapons Level 2  
  148  8:47  Overlord x2  
  148  8:48  Overlord  
  148  8:55  Overlord x3  
  148  8:58  Roach  
  148  8:59  Roach x2  
  154  9:10  Roach x5  
  154  9:15  Roach x5  
  173  9:27  Unknown x2  
  171  9:33  Drone x2  
  171  9:34  Drone x2  
  171  9:36  Drone  
  171  9:38  Queen  
  176  9:41  Roach x6  
  188  9:47  Spore Crawler  
  185  9:57  Hydralisk  
  185  9:58  Roach x9  
  189  10:07  Roach x5  
  189  10:09  Ravager x2  
  189  10:10  Ravager  
  164  10:31  Hydralisk  
  164  10:32  Roach x10  
  174  10:42  Roach x7  
  180  10:45  Zerg Ground Armor Level 2  
  180  10:48  Ravager  
  181  10:50  Ravager  
  181  10:53  Roach x4  
  181  10:56  Roach x2  
  194  11:03  Roach x2  
  196  11:10  Roach x3  
  196  11:34  Unknown  
  162  11:41  Hydralisk  
  162  11:42  Roach  
  162  11:43  Roach x16  
  168  11:54  Roach  
  168  11:55  Roach x8  
  182  12:03  Roach x2  
  182  12:05  Ravager  
  182  12:06  Ravager  
  182  12:07  Roach x3  
  194  12:16  Roach x3  
  188  12:39  Roach  
  188  12:40  Roach x6  
Show
View Real Time Build Order
Export as new Build Order

JonSnow Zerg 

Build Orders: Hatch First, Muta Ling Bane 

Get SALT Encoding   

  12  0:00  Drone  
  13  0:13  Overlord  
  13  0:18  Drone  
  14  0:31  Drone x2  
  16  0:36  Drone  
  17  0:53  Hatchery  
  17  0:56  Drone  
  17  0:59  Drone  
  18  1:04  Extractor  
  17  1:15  Spawning Pool  
  16  1:20  Drone  
  16  1:22  Drone  
  18  1:28  Drone  
  19  1:42  Overlord  
  19  1:55  Drone  
  20  2:01  Drone  
  20  2:02  Queen  
  20  2:04  Metabolic Boost  
  20  2:08  Queen  
  23  2:11  Zergling x2  
  23  2:14  Drone  
  27  2:19  Drone  
  28  2:23  Drone  
  29  2:38  Hatchery  
  28  2:47  Zergling x8  
  28  2:50  Zergling x2  
  33  2:55  Zergling x2  
  33  3:09  Zergling x4  
  35  3:14  Overlord  
  35  3:23  Roach Warren  
  35  3:25  Drone  
  35  3:36  Drone x3  
  35  3:37  Drone x3  
  40  3:48  Drone x4  
  40  3:49  Drone  
  40  4:04  Roach x3  
  50  4:11  Overlord  
  50  4:13  Spine Crawler  
  50  4:15  Roach  
  50  4:24  Roach  
  47  4:25  Lair, Extractor  
  47  4:27  Extractor  
  47  4:28  Roach x2  
  47  4:29  Zergling x2  
  47  4:30  Evolution Chamber  
  49  4:33  Roach, Zergling x6  
  49  4:38  Roach  
  50  4:46  Drone x2  
  52  5:03  Zerg Missile Weapons Level 1  
  52  5:08  Overlord  
  52  5:09  Hatchery  
  51  5:23  Glial Reconstitution  
  51  5:24  Overseer  
  51  5:25  Drone, Queen  
  51  5:26  Drone x4  
  58  5:29  Drone  
  59  5:37  Drone  
  59  5:39  Overlord  
  59  5:49  Overlord  
  59  5:57  Queen  
  59  6:04  Roach x3  
  65  6:13  Drone x2  
  65  6:14  Queen  
  68  6:20  Extractor, Spire  
  68  6:21  Roach x2  
  68  6:22  Roach  
  72  6:33  Roach x3  
  72  6:39  Drone x2  
  81  6:40  Drone  
  81  6:47  Overlord  
  81  6:48  Overlord x2  
  81  6:58  Overlord  
  81  6:59  Zerg Missile Weapons Level 2  
  81  7:06  Drone x3  
  81  7:07  Drone x2  
  84  7:31  Extractor  
  84  7:32  Extractor  
  84  7:33  Mutalisk  
  84  7:34  Mutalisk x5  
  94  7:39  Drone x5  
  99  7:45  Mutalisk  
  99  7:48  Drone, Baneling Nest  
  101  7:53  Drone x3  
  101  7:55  Drone  
  105  8:00  Drone x3  
  105  8:01  Unknown x2, Drone  
  109  8:06  Overlord  
  109  8:18  Hatchery  
  109  8:19  Drone x2  
  111  8:20  Drone  
  111  8:21  Overlord  
  111  8:34  Centrifical Hooks  
  111  8:41  Zergling x8  
  111  8:43  Roach x5  
  111  8:44  Ravager x3  
  111  8:45  Ravager  
  129  8:53  Roach  
  129  8:55  Overlord x3  
  129  9:04  Overlord x2  
  129  9:05  Overlord  
  129  9:08  Baneling x7  
  129  9:14  Zergling x10  
  132  9:17  Roach  
  132  9:19  Overlord  
  132  9:21  Ravager x4  
  138  9:24  Baneling  
  138  9:29  Overlord  
  138  9:33  Roach  
  138  9:34  Roach x3  
  138  9:36  Baneling x5  
  146  9:39  Ravager x2  
  146  9:41  Roach x2  
  152  9:47  Roach x3  
  152  9:49  Baneling x4  
  157  9:56  Roach x3  
  157  10:00  Roach x2  
  157  10:01  Roach  
  157  10:06  Zergling x2  
  164  10:08  Queen  
  164  10:13  Zergling x6  
  166  10:25  Roach x3  
  155  10:32  Roach x2  
  152  10:36  Roach  
  152  10:41  Zergling x14  
  157  10:43  Zerg Ground Armor Level 1  
  157  10:47  Roach  
  157  10:48  Ravager, Overseer  
  159  10:53  Roach x2  
  159  10:54  Roach  
  159  10:56  Baneling x4  
  165  10:57  Ravager  
  165  11:01  Roach  
  165  11:02  Baneling, Roach x2  
  165  11:03  Baneling x4  
  165  11:04  Baneling x7  
  167  11:08  Roach x3, Zergling x2  
  171  11:14  Ravager  
  171  11:15  Overlord x2  
  171  11:17  Ravager x2  
  174  11:26  Overlord x2  
  165  11:36  Roach x8  
  157  11:43  Roach x4  
  146  11:48  Roach x2  
  146  11:52  Roach  
  146  11:53  Roach  
  143  11:58  Roach x3  
  147  12:03  Ravager  
  147  12:04  Ravager x3  
  147  12:06  Overseer  
  147  12:07  Roach  
  147  12:08  Roach  
  155  12:13  Roach x3  
  161  12:20  Ravager  
  161  12:22  Roach x3  
  168  12:26  Roach x3  
  166  12:38  Roach x6  
  149  12:53  Roach x4  
Tags
 
Add a new tag
Caveats
  • Supply blocks, unpowered buildings, or Contaminate may cause inaccurate times.
  • Supply counts are checked every 10 seconds.